 Dungeon Crawl Stone Soup version 0.30-a0-313-gae38170b09 (webtiles) character file.

Game seed: 3693972564060178667

57526 lesbiats the Grappler (level 14, -5/144 HPs)
             Began as a Troll Fighter on Oct 27, 2022.
             Was a Believer of Jiyva.
             Drowned by a water nymph (13 damage)
             ... on level 2 of the Shoals.
             The game lasted 01:28:10 (18003 turns).

lesbiats the Grappler (Troll Fighter)              Turns: 18003, Time: 01:28:11

Health: -5/144     AC: 11    Str: 31    XL:     14   Next: 46%
Magic:  0/23       EV: 11    Int:  9    God:    Jiyva [**....]
Gold:   1370       SH:  8    Dex:  9    Spells: 13/13 levels left

rFire   . . .      SeeInvis .      - Unarmed
rCold   . . .      Faith    .    b - +0 kite shield
rNeg    . . .      Spirit   +    U - +1 steam dragon scales
rPois   +          Reflect  .    K - +3 hat of Pondering {ponderous, Will+ MP+10 Int+5}
rElec   .          Harm     .    (no cloak)
rCorr   +          Rampage  .    (gloves unavailable)
Will    ++...                    (boots unavailable)
Stlth   +.........               p - amulet of guardian spirit
HPRegen 2.20/turn                Z - ring of flight
MPRegen 0.48/turn                c - ring of poison resistance

@: flying, slow
A: large, unfitting armour, claws 3, regeneration 1, shaggy fur 1, tough skin 1
a: Renounce Religion


You were on level 2 of the Shoals.
You worshipped Jiyva.
Jiyva was pleased with you.
You visited 4 branches of the dungeon, and saw 18 of its levels.
You also visited: Sewer, Ossuary and Bailey.

You collected 1409 gold pieces.
You spent 39 gold pieces at shops.

Inventory:

Missiles
 d - 4 javelins
 u - 45 poisoned darts
 B - 22 boomerangs (quivered)
 J - 2 silver javelins
 O - 2 curare-tipped darts
Armour
 b - a +0 kite shield (worn)
 K - the +3 hat of Pondering (worn) {ponderous, Will+ MP+10 Int+5}
   (You took it off Gastronok on level 2 of the Lair of Beasts)

   Int:       It affects your intelligence (+5).
   MP:        It affects your magic capacity (+10).
   Will:      It increases your willpower.
 U - +1 steam dragon scales (worn)
Jewellery
 c - a ring of poison resistance (right claw)
 p - an amulet of guardian spirit (around neck)
 E - a ring of protection from cold
 Q - a +4 ring of protection
 S - a +6 ring of strength
 X - a ring of willpower
 Z - a ring of flight (left claw)
Wands
 k - a wand of charming (20)
 z - a wand of flame (11)
 C - a wand of light (27)
 H - a wand of roots (8)
 I - a wand of mindburst (6)
 Y - a wand of digging (5)
Scrolls
 a - a scroll of identify
 e - 3 scrolls of brand weapon
 i - a scroll of fear
 j - 3 scrolls of noise
 l - 4 scrolls of magic mapping
 n - 2 scrolls of butterflies
 s - 5 scrolls of teleportation
 t - 3 scrolls of torment
 w - 3 scrolls of poison
 y - 6 scrolls of enchant armour
 A - a scroll of immolation
 D - 4 scrolls of vulnerability
 F - a scroll of enchant weapon {unknown}
 G - 2 scrolls of silence {unknown}
 L - a scroll of summoning {unknown}
 P - 2 scrolls of acquirement
Potions
 f - 5 potions of mutation
 m - 3 potions of invisibility
 o - 3 potions of ambrosia
 q - 5 potions of attraction
 r - 2 potions of curing
 v - 3 potions of flight
 x - 4 potions of lignification
 M - a potion of resistance {unknown}
 N - 2 potions of haste
 R - 3 potions of might
 T - a potion of berserk rage {unknown}
 V - a potion of magic {unknown}
 W - a potion of brilliance {unknown}
Miscellaneous
 g - a box of beasts


   Skills:
 + Level 10.9 Fighting
 + Level 11.4 Throwing
 + Level 10.5 Dodging
 + Level 4.6 Shields
 + Level 14.4 Unarmed Combat


You had 13 spell levels left.
You didn't know any spells.
Your spell library contained the following spells:

 Spells                   Type           Power      Damage    Failure   Level
 Apportation              Tloc           0%         N/A       67%         1
 Kiss of Death            Conj/Necr      0%         2d5       67%         1
 Magic Dart               Conj           0%         1d3       67%         1
 Sandblast                Erth           0%         2d4       67%         1
 Sting                    Tmut/Pois      0%         1d3       67%         1
 Cigotuvi's Dreadful Rot  Necr/Pois/Air  0%         N/A       80%         2
 Passwall                 Tmut/Erth      0%         N/A       80%         2
 Poisonous Vapours        Pois/Air       0%         N/A       80%         2
 Searing Ray              Conj           0%         2d4       80%         2
 Sublimation of Blood     Necr           0%         N/A       80%         2
 Confusing Touch          Hex            0%         N/A       95%         3
 Stone Arrow              Conj/Erth      0%         3d7       95%         3
 Dispel Undead            Necr           0%         3d6       100%        4
 Fulminant Prism          Conj/Hex       0%         3d6       100%        4
 Olgreb's Toxic Radiance  Pois           0%         N/A       100%        4
 Petrify                  Tmut/Erth      0%         N/A       100%        4
 Freezing Cloud           Conj/Ice/Air   0%         6-21      100%        5
 Irradiate                Conj/Tmut      0%         3d11      100%        5
 Metabolic Englaciation   Hex/Ice        0%         N/A       100%        5
 Death Channel            Necr           0%         N/A       100%        6
 Simulacrum               Ice/Necr       0%         N/A       100%        6
 Statue Form              Tmut/Erth      0%         N/A       100%        6
 Polar Vortex             Ice            0%         N/A       100%        9


Dungeon Overview and Level Annotations

Branches:
Dungeon (10/15)            Temple (1/1) D:5            Lair (5/5) D:10
 Shoals (2/4) Lair:2        Snake (0/4) Lair:3        Slime (0/5) Lair:5
    Orc (0/2) D:10          Sewer (visited)         Ossuary (visited)
 Bailey (visited)

Altars:
Ashenzari
Cheibriados
Dithmenos
Elyvilon
Fedhas
Gozag
Hepliaklqana
Kikubaaqudgha
Makhleb
Nemelex Xobeh
Okawaru
Qazlal
Ru
Sif Muna
Trog
Uskayaw
Vehumet
Wu Jian
Xom
Yredelemnul
Zin
The Shining One
Jiyva

Shops:
D:4 *

Annotations:
D:4 Menkaure
Lair:4 3 runed translucent doors, Xutikh's ghost, journeyman SpCA
Shoals:1 1 runed translucent door, logorrheac's ghost, journeyman GnWn


Innate Abilities, Weirdness & Mutations

You are too large for most types of armour.
You have claws for hands.
Your natural rate of healing is unusually fast.
You are covered in fur. (AC +1)
You have tough skin. (AC +1)


Message History

* * * LOW HITPOINT WARNING * * *
The water nymph drowns you!
* * * LOW HITPOINT WARNING * * *
You feel much better. The water nymph touches you!
* * * LOW HITPOINT WARNING * * *
The water nymph drowns you!
* * * LOW HITPOINT WARNING * * *
Found a robe.
You see here a potion of curing.
r - 5 potions of curing (gained 1)
You block the water nymph's attack.
You feel better. You block the water nymph's attack.
You scratch the water nymph.
The water nymph is lightly wounded.
The water nymph barely misses you.
You scratch the water nymph but do no damage.
The water nymph is lightly wounded.
The water nymph touches you. The water nymph drowns you!
* * * LOW HITPOINT WARNING * * *
You scratch the water nymph.
The water nymph is lightly wounded.
You feel better. The water nymph touches you. The water nymph drowns you!
* * * LOW HITPOINT WARNING * * *
You feel better. The water nymph touches you. The water nymph drowns you!
* * * LOW HITPOINT WARNING * * *
You scratch the water nymph but do no damage.
The water nymph is lightly wounded.
You block the water nymph's attack.
You mangle the water nymph!!
The water nymph is almost dead.
You block the water nymph's attack.
You closely miss the water nymph.
The water nymph is almost dead.
The water nymph casts a spell at you. The water rises up and strikes you!!
* * * LOW HITPOINT WARNING * * *
You miss the water nymph.
The water nymph is severely wounded.
The water nymph touches you. The water nymph drowns you!
You die...

....~~≈≈~PP# #.~~~)†~
...~~≈≈≈≈~P## #..P~~~~
~~~~≈≈≈≈≈P.P## #..~~..~
≈≈≈≈≈≈≈~~~~~.####..~~...
≈≈≈≈≈≈~~P~P~P....~~~~~~~
≈≈~≈≈~~~~~~~~~~......~~~
~~~~~~~~~~~~~~~~~.......
~~~~~~~m~.~~~.~.........
≈~!~~.~@~...~~~.... #...
~~~~........PPP....
~~~~...##....P.....
~~~~... #...!...#
~~~...# #./...# ≈~~...
..... ≈~.... #....
~...## #.[.


You could see a water nymph.

Vanquished Creatures
  Gastronok (Lair:2)
  An orc warlord (Bailey)
  Erica (D:8)
  5 hydras
  A catoblepas (Lair:5)
  A boulder beetle (Lair:4)
  7 death yaks
  A fire crab (Lair:5)
  Amaemon (D:10)
  6 sea snakes
  A lindwurm (Lair:5)
  Pikel (D:5)
  A manticore (Shoals:1)
  24 elephants
  A merfolk siren (Shoals:1)
  7 black mambas
  A guardian serpent (Lair:3)
  An orange demon (D:10)
  10 cane toads
  A water nymph (Shoals:1)
  5 rime drakes
  Psyche (D:9)
  5 komodo dragons
  9 merfolk
  6 polar bears
  A troll (D:6)
  A hornet (D:9)
  A wind drake (Shoals:2)
  Grinder (D:5)
  3 dream sheep (Lair:5)
  22 blink frogs
  Prince Ribbit (D:9)
  A snapping turtle (Shoals:1)
  Sigmund (D:3)
  5 wyverns
  38 yaks
  3 water elementals
  3 basilisks
  A steam dragon (D:8)
  A vampire mosquito (D:6)
  15 water moccasins
  Duvessa (D:6)
  3 black bears
  3 ice beasts
  A sky beast (D:7)
  10 orc warriors
  3 ogres (D:5)
  10 wolves
  2 centaurs
  12 bullfrogs
  6 kobold brigands
  A gnoll sergeant (D:6)
  A scorpion (D:6)
  8 wights
  Dowan (D:6)
  16 killer bees
  A jelly (D:6)
  2 gnoll boudas
  6 orc priests
  4 hounds
  2 orc wizards (D:8)
  Ijyb (D:5)
  2 iguanas
  7 hell rats (Lair:2)
  4 mummies (Ossuary)
  Robin (D:4)
  22 gnolls
  7 adders
  2 white imps (D:7)
  3 ufetubi
  2 worms
  35 orcs
  4 bats
  6 endoplasms
  5 giant cockroaches
  4 gnoll zombies (Ossuary)
  19 goblins
  12 hobgoblins
  9 jackals
  56 kobolds
  5 quokkas
  6 ball pythons
  4 frilled lizards
  A gnoll skeleton (Ossuary)
  8 goblin skeletons (Ossuary)
  4 goblin zombies (Ossuary)
  3 hobgoblin skeletons (Ossuary)
  4 hobgoblin zombies (Ossuary)
  2 kobold skeletons (Ossuary)
  6 kobold zombies (Ossuary)
  2 orc skeletons (Ossuary)
  4 orc zombies (Ossuary)
  6 rats
  9 rat skeletons (Ossuary)
  3 rat zombies (Ossuary)
  A bush (Lair:4)
559 creatures vanquished.

Vanquished Creatures (others)
  6 jellies
  An orc (D:9)
  44 fungi
  123 plants
174 creatures vanquished.

Grand Total: 733 creatures vanquished

Notes
Turn   | Place    | Note
-------+----------+-------------------------------------------
     0 | D:1      | lesbiats the Troll Fighter began the quest for the Orb.
     0 | D:1      | Reached XP level 1. HP: 22/22 MP: 0/0
   179 | D:1      | Reached XP level 2. HP: 29/29 MP: 1/1
   758 | D:2      | Reached skill level 3 in Unarmed Combat
   758 | D:2      | Reached XP level 3. HP: 36/36 MP: 2/2
   903 | D:2      | Found a faded altar of an unknown god.
  1093 | D:2      | Reached XP level 4. HP: 38/45 MP: 3/3
  1320 | D:2      | Reached skill level 1 in Throwing
  1513 | D:3      | Noticed Sigmund
  1566 | D:3      | Found a glowing drain.
  1578 | Sewer    | Entered a sewer
  1659 | Sewer    | Noticed a water moccasin
  1671 | Sewer    | Killed a water moccasin
  1672 | Sewer    | Reached skill level 4 in Unarmed Combat
  1672 | Sewer    | Reached XP level 5. HP: 11/53 MP: 4/4
  1848 | D:3      | Killed Sigmund
  1849 | D:3      | Reached skill level 5 in Unarmed Combat
  1849 | D:3      | Reached XP level 6. HP: 22/61 MP: 5/5
  2675 | D:4      | Noticed Menkaure
  2837 | D:4      | Noticed Robin
  2852 | D:4      | Killed Robin
  2883 | D:4      | Found an opulent altar of Gozag.
  3196 | D:4      | Found Qoerupt's General Store.
  3200 | D:4      | Found Afydot's Specific Store.
  3204 | D:4      | Bought 6 stones for 6 gold pieces
  3208 | D:4      | Bought 8 stones for 9 gold pieces
  3208 | D:4      | Bought a scroll of identify for 24 gold pieces
  3467 | D:5      | Entered Level 5 of the Dungeon
  3486 | D:5      | Reached XP level 7. HP: 48/70 MP: 4/6
  3510 | D:5      | Reached skill level 6 in Unarmed Combat
  3701 | D:5      | Reached XP level 8. HP: 79/79 MP: 7/7
  3702 | D:5      | Noticed Ijyb
  3708 | D:5      | Killed Ijyb
  3761 | D:5      | Noticed Pikel
  3776 | D:5      | Killed Pikel
  3777 | D:5      | Reached skill level 7 in Unarmed Combat
  4086 | D:5      | Found a staircase to the Ecumenical Temple.
  4095 | Temple   | Entered the Ecumenical Temple
  4157 | Temple   | Became a worshipper of the Shining One
  4167 | D:5      | Noticed Grinder
  4179 | D:5      | Killed Grinder
  4180 | D:5      | Reached skill level 5 in Fighting
  4443 | D:6      | Found a glowing silver altar of Zin.
  4457 | D:6      | Found an ancient bone altar of Kikubaaqudgha.
  4466 | D:6      | Reached skill level 8 in Unarmed Combat
  4549 | D:6      | Reached XP level 9. HP: 54/88 MP: 5/8
  4604 | D:6      | Found an ornate altar of the Wu Jian Council.
  4660 | D:6      | Noticed Duvessa
  4668 | D:6      | Killed Duvessa
  4668 | D:6      | Noticed Dowan
  4678 | D:6      | Killed Dowan
  5416 | D:6      | Reached skill level 5 in Throwing
  5506 | D:6      | Noticed a troll
  5519 | D:6      | Killed a troll
  5520 | D:6      | Reached skill level 9 in Unarmed Combat
  5687 | D:7      | Found a flagged portal.
  5697 | Bailey   | Entered a bailey
  5719 | Bailey   | Noticed an orc warlord
  5840 | Bailey   | Found a runed translucent gate.
  5840 | Bailey   | Found a runed translucent gate.
  5859 | Bailey   | Found a runed translucent gate.
  5881 | Bailey   | Reached skill level 5 in Dodging
  5989 | Bailey   | Killed an orc warlord
  5990 | Bailey   | Reached XP level 10. HP: 65/98 MP: 5/9
  6028 | Bailey   | Got Meihi's Compilation of the Terrestrial Compass
  6080 | D:7      | Reached skill level 10 in Unarmed Combat
  6118 | D:7      | Found a sand-covered staircase.
  6124 | Ossuary  | Entered an ossuary
  6127 | Ossuary  | Reached * piety under the Shining One
  6160 | Ossuary  | Reached ** piety under the Shining One
  6283 | Ossuary  | Reached *** piety under the Shining One
  6398 | Ossuary  | Reached **** piety under the Shining One
  6594 | D:7      | Reached ***** piety under the Shining One
  7253 | D:8      | Noticed Erica
  7385 | D:8      | Killed Erica
  7452 | D:8      | Found a burning altar of Makhleb.
  7452 | D:8      | Noticed a green death
  7456 | D:8      | Noticed an orange demon
  7456 | D:8      | Noticed a smoke demon
  8190 | D:9      | Reached skill level 11 in Unarmed Combat
  8190 | D:9      | Reached XP level 11. HP: 96/109 MP: 8/10
  8224 | D:9      | Found a sacrificial altar of Ru.
  8230 | D:9      | Noticed Prince Ribbit
  8242 | D:9      | Killed Prince Ribbit
  8334 | D:9      | Noticed Psyche
  8346 | D:9      | Killed Psyche
  8422 | D:9      | Found a basalt altar of Yredelemnul.
  8676 | D:9      | Found a shimmering altar of Xom.
  8782 | D:10     | Entered Level 10 of the Dungeon
  8898 | D:10     | Noticed Amaemon
  8926 | D:10     | Killed Amaemon
  9508 | D:10     | Found a staircase to the Orcish Mines.
  9751 | D:10     | Found a staircase to the Lair.
  9765 | Lair:1   | Entered Level 1 of the Lair of Beasts
 10244 | Lair:1   | Reached skill level 12 in Unarmed Combat
 10328 | Lair:1   | Reached XP level 12. HP: 109/122 MP: 9/11
 10544 | Lair:2   | Found a staircase to the Shoals.
 11142 | Lair:2   | Noticed Gastronok
 11160 | Lair:2   | Killed Gastronok
 12161 | Lair:3   | Found a staircase to the Snake Pit.
 12594 | Lair:3   | Noticed a five-headed hydra
 12611 | Lair:3   | Killed a five-headed hydra
 13358 | Lair:4   | Reached skill level 13 in Unarmed Combat
 13409 | Lair:4   | Noticed a death yak
 13409 | Lair:4   | Noticed a death yak
 13411 | Lair:4   | Noticed a death yak
 13415 | Lair:4   | Killed a death yak
 13422 | Lair:4   | Noticed a death yak
 13422 | Lair:4   | Reached ****** piety under the Shining One
 13427 | Lair:4   | Killed a death yak
 13428 | Lair:4   | Reached XP level 13. HP: 112/131 MP: 12/12
 13555 | Lair:4   | Found a runed translucent gate.
 13555 | Lair:4   | Found a runed translucent gate.
 13555 | Lair:4   | Found a runed translucent gate.
 13555 | Lair:4   | Noticed Xutikh's ghost (journeyman SpCA)
 13618 | Lair:4   | Reached skill level 10 in Throwing
 14621 | Lair:4   | Reached skill level 10 in Fighting
 14918 | Lair:5   | Entered Level 5 of the Lair of Beasts
 15370 | Lair:5   | Reached skill level 10 in Dodging
 15480 | Lair:5   | Reached skill level 14 in Unarmed Combat
 15627 | Lair:5   | Reached XP level 14. HP: 61/144 MP: 9/13
 15828 | Lair:5   | Found a staircase to the Slime Pits.
 15830 | Lair:5   | Found a viscous altar of Jiyva.
 15838 | Lair:5   | Fell from the grace of the Shining One
 15838 | Lair:5   | Became a worshipper of Jiyva Jaronk the Shapeless
 16888 | Shoals:1 | Entered Level 1 of the Shoals
 16978 | Shoals:1 | Reached * piety under Jiyva
 17242 | Shoals:1 | Identified the +3 buckler of Boyzez {*Corrode Str+4 Int+8
                  | Dex+2}
 17450 | Shoals:1 | Found a runed translucent door.
 17456 | Shoals:1 | Noticed logorrheac's ghost (journeyman GnWn)
 17686 | Shoals:2 | Reached ** piety under Jiyva
 17990 | Shoals:2 | HP: 5/144 [drowned by a water nymph (7)]
 18002 | Shoals:2 | HP: 6/144 [water nymph/the raging water (23)]
 18003 | Shoals:2 | Drowned by a water nymph

Illustrated notes

Levels and vault maps discovered:
D:1:      spicycebolla_arrival_transporter_tutorial, layout_loops_ring,
          grunt_decor_clamped
D:2:      layout_rooms, basic_ecumenical_altar, dk_noncrumbling_2,
          grunt_ministairs_1
D:3:      layout_loops_corners, cheibrodos_sewer_entry_sluice, uniq_sigmund
D:4:      layout_rooms, grunt_gozag_statues, serial_curves, eino_curves_04,
          eino_curves_02, nicolae_specific_store, uniq_menkaure, uniq_robin
D:5:      layout_gridville, minmay_temple_entry_junction_2,
          minmay_misc_feat_alley, uniq_grinder, uniq_ijyb, uniq_pikel
D:6:      layout_cave_pools, zin_academy, hangedman_feature_mirror, uniq_duvessa
D:7:      layout_loops_ring, enter_bailey_7, nicolae_ossuary_entry_plus
D:8:      layout_basic, makhleb_altar_promises_db, uniq_erica
D:9:      layout_basic, mainiacjoe_overflow_catch_the_wave,
          mainiacjoe_overflow_cross_hatched, uniq_prince_ribbit1, uniq_psyche
D:10:     layout_irregular_city, grunt_lair_entry_orc_guard_hut, david_orc_5,
          uniq_amaemon
Temple:   nicolae_temple_x_marks_the_god
Lair:1:   layout_misc_corridors, fungi_pond_lemuel
Lair:2:   layout_chaotic_city, shoals_dummy_entry, st_stairs_7,
          lemuel_fruit_tree, uniq_gastronok
Lair:3:   layout_cave_pods, minmay_snake_entry_spellcaster
Lair:4:   layout_loops_ring, gammafunk_ghost_split
Lair:5:   hangedman_lair_in_review, layout_cave_pods, slime_entry_1,
          cheibrodos_lair_lostbears
Shoals:1: layout_shoals, ebering_ghost_reflecting_pool
Shoals:2: layout_shoals, nicolae_shop_firing_range

Skill      XL: |  1  2  3  4  5  6  7  8  9 10 11 12 13 14 |
---------------+-------------------------------------------+-----
Unarmed Combat | 3 4 5 6 8 9 11 12 13 14 | 14.4
Fighting       | 3 4 5 6 7 8 9 10 | 10.9
Throwing       | 1 2 3 4 5 7 8 9 10 11 | 11.4
Dodging        | 3 4 5 6 7 9 10 | 10.5
Shields        | 3 4 |  4.6

Action                   |  1- 3 |  4- 6 |  7- 9 | 10-12 | 13-15 || total
-------------------------+-------+-------+-------+-------+-------++-------
Melee: Unarmed           |    78 |   186 |   197 |   605 |   389 ||  1455
Throw: Stone             |    10 |     9 |    10 |       |       ||    29
       Dart              |       |     2 |    26 |    14 |     8 ||    50
       Boomerang         |       |       |    16 |    67 |   110 ||   193
       Javelin           |       |       |     1 |     8 |     5 ||    14
Invok: Divine Shield     |       |       |       |       |     1 ||     1
Evoke: Wand              |       |       |     8 |    17 |    15 ||    40
  Use: Scroll            |       |     6 |     8 |    11 |     9 ||    34
       Potion            |       |     5 |     3 |     4 |    18 ||    30
Armor: Robe              |    28 |    75 |    54 |    31 |       ||   188
       Steam dragon scal |       |       |       |   161 |   270 ||   431
Dodge: Dodged            |    22 |    67 |   101 |   282 |   224 ||   696
Block: Kite shield       |    23 |    72 |    86 |   226 |   207 ||   614

Table legend: (Time is in decaauts)
 A = Elapsed time spent in this place.
 B = Non-inter-level travel time spent in this place.
 C = Inter-level travel time spent in this place.
 D = Time resting spent in this place.
 E = Time spent auto-exploring this place.
 F = Levels seen in this place.
 G = Mean time per level.
                   A        B        C        D        E       F      G
               +--------+--------+--------+--------+--------+-----+--------+
         Total |  18412 |  16647 |   1765 |   2000 |   8768 |  21 |  876.8 |
       Dungeon |   8815 |   8018 |    797 |    561 |   4655 |  10 |  881.5 |
        Temple |     68 |     52 |     16 |      0 |     46 |   1 |   68.0 |
          Lair |   7413 |   6531 |    882 |   1246 |   3245 |   5 | 1482.6 |
        Shoals |   1178 |   1109 |     69 |    140 |    637 |   2 |  589.0 |
         Sewer |    239 |    239 |      0 |     40 |     32 |   1 |  239.0 |
       Ossuary |    353 |    353 |      0 |      0 |    151 |   1 |  353.0 |
        Bailey |    343 |    343 |      0 |     13 |      0 |   1 |  343.0 |
               +--------+--------+--------+--------+--------+-----+--------+

Top non-repeatable levels by time:
  Lair:5: 1914 daAuts
  Lair:3: 1542 daAuts
  Lair:2: 1536 daAuts
  Lair:4: 1378 daAuts
     D:6: 1164 daAuts
     D:3: 1115 daAuts
  Lair:1: 1041 daAuts
Shoals:1: 983 daAuts
    D:10: 976 daAuts
     D:5: 967 daAuts
     D:7: 869 daAuts
     D:9: 799 daAuts
     D:8: 765 daAuts
     D:1: 751 daAuts
     D:4: 743 daAuts
